[Event "Late-Titled-Tuesday-Blitz-May-28-2024"]
[Site "Chess.com"]
[Date "2024.05.28"]
[Round "7"]
[White "Maect19"]
[Black "protectiago"]
[Result "1-0"]
[WhiteElo "2289"]
[BlackElo "2119"]
[TimeControl "180+1"]
[EndTime "15:17:25 PDT"]
[Termination "Maect19 won by resignation"]

1. Nf3 c5 2. c4 Nc6 3. Nc3 e5 4. g3 g6 5. Bg2 Bg7 6. d3 d6 7.
O-O Be6 8. Rb1 a5 9. a3 Nge7 10. e4 O-O 11. Nd5 h6 12. Bd2 Kh7 13. b4 cxb4 14.
axb4 Bxd5 15. cxd5 Nxb4 16. Bxb4 axb4 17. Rxb4 Ra7 18.
Qb1 Qa8 19. Rc1 Rb8 20. h4 Ra2 21. Rb2 Rxb2 22. Qxb2 b5 23. Rc7 Nc8 24. Rxf7 b4 25.
Rc7 b3 26. Rc1 Qa2 27. Rb1 Bf6 28. Nd2 Bd8 29. Nxb3 Qxb2 30. Rxb2 Ba5 31. Rb1 Bc3 32. Nd2 Ra8 33. Nc4 Ra2 34. Rb8 Na7 35. Rb7+ Kg8 36.
Nxd6 Bd4 37. Rf7 Ra1+ 38. Kh2 Ra2 39. Bh3 Bc5 40. Be6 Bxd6 41. Rxa7+ Kf8 42. Rxa2 1-0

[Event "Late-Titled-Tuesday-Blitz-May-28-2024"]
[Site "Chess.com"]
[Date "2024.05.28"]
[Round "7"]
[White "andrew-blr"]
[Black "Mikhail_Bryakin"]
[Result "1-0"]
[WhiteElo "2644"]
[BlackElo "2833"]
[TimeControl "180+1"]
[EndTime "15:17:27 PDT"]
[Termination "andrew-blr won by resignation"]

1. d4 e5 2. dxe5 Nc6 3. Bf4 Qe7 4. Nf3 Qb4+ 5. Bd2 Qxb2 6. Nc3 Bb4 7. Rb1 Qxc3 8. Bxc3 Bxc3+ 9. Nd2 Nxe5 10. e3 Ne7 11. Bd3 d6 12. O-O O-O 13. Nc4 b6 14. Rb3 Nxd3 15. cxd3 Bf6 16. d4 Be6 17. Rc3 Rfd8 18.
Nd2 c5 19. Ne4 Nd5 20. Nxf6+ Nxf6 21. Qa4 c4 22. f3 a6 23. e4 d5 24. e5 Ne8 25. g4 b5 26. Qb4 Rdb8 27. Ra3 g6 28. h3 Ng7 29. f4 h5 30. Rg3 a5 31. Qe7 h4 32. Rg2 Re8 33. Qxh4 c3 34. f5 Bd7 35. e6 Bxe6 36. fxe6 Nxe6 37. Qf6 Ra7 38. h4 Rc7 39. h5 c2 40. Rc1 Rec8 41. hxg6 Ng7 42.
Rgxc2 Ne8 43. gxf7+ Rxf7 44. Qxf7+ Kxf7 45. Rxc8 Nd6 46. R1c7+ Ke6 47. Rc6 Kd7 48. R8c7+ Kd8 49. Rxd6+ 1-0

[Event "Late-Titled-Tuesday-Blitz-May-28-2024"]
[Site "Chess.com"]
[Date "2024.05.28"]
[Round "7"]
[White "chess_sharparchitect"]
[Black "el008"]
[Result "0-1"]
[WhiteElo "2339"]
[BlackElo "2551"]
[TimeControl "180+1"]
[EndTime "15:17:28 PDT"]
[Termination "el008 won on time"]

1. c4 b6 2. Nc3 Bb7 3. e4 e5 4. Nf3 d6 5. d4 exd4 6. Nxd4 Nf6 7. Bd3 Nc6 8. Nf5 Ne5 9. O-O Nxd3 10. Qxd3 g6 11.
Ne3 Bg7 12. Bd2 O-O 13. Rfe1 Re8 14. f3 Nd7 15. Ned5 c6 16. Nf4 Ne5 17. Qf1 a5 18. Rad1 a4 19. Be3 Ba6 20. b3 axb3 21. axb3 Nxf3+ 22. Qxf3 Bxc3 23. Rf1 Be5 24. Nd3 Qe7 25. Bxb6 Bg7 26. Rde1 Rab8 27. c5 Bxd3 28. Qxd3 dxc5 29. Ba5 Bd4+ 30. Kh1 Be5 31. Rf3 Qh4 32. h3 Ra8 33.
Bd2 Rad8 34. Qe2 Qe7 35. Ref1 Rf8 36. Be3 Bd4 37. Bh6 Bg7 38. Bxg7 Kxg7 39. Qb2+ Kg8 40.
Qc3 Rd4 41. Re3 Re8 42. e5 Rd5 43. e6 fxe6 44. Ref3 Rf5 45. Rxf5 exf5 46. Qc4+ Kg7 47. Qc3+ Qe5 48. Qc2 Qd5 49. Rd1 Qe4 50. Qc3+ Qe5 51.
Qc2 Re7 52. Qc4 Ra7 53. Qd3 h5 54. Qd8 Kh6 55. Rd3 Ra1+ 56. Rd1 Rxd1+ 57. Qxd1 Qd4 58. Qc1+ Kg7 59. Qf1 f4 60. Qa6 Qd5 61. Qb7+ Kf6 62. Qc8 Ke5 63. Qh8+ Ke4 64.
Qe8+ Kf5 65. Qf8+ Ke4 66. Qe8+ Kd4 67. Qxg6 Kc3 68. Qg7+ Kxb3 69. Qf6 c4 70. Qxf4 c3 71. Qb8+ Ka2 72. Qa7+ Kb2 73. Qb6+ Qb3 74. Qf2+ c2 75. Qf6+ Kb1 76. Qf5 Ka2 77. Qf2 Qb2 0-1

[Event "Late-Titled-Tuesday-Blitz-May-28-2024"]
[Site "Chess.com"]
[Date "2024.05.28"]
[Round "7"]
[White "NMJeevanK"]
[Black "ImportedItalianMaple"]
[Result "1/2-1/2"]
[WhiteElo "2680"]
[BlackElo "2537"]
[TimeControl "180+1"]
[EndTime "15:17:30 PDT"]
[Termination "Game drawn - insufficient material"]

1. e4 c5 2. b3 g6 3. Bb2 Nf6 4.
e5 Nd5 5. Bc4 Nb6 6. e6 f6 7.
exd7+ Bxd7 8. Nf3 Bg7 9. O-O Nxc4 10. bxc4 O-O 11. Nc3 Nc6 12. Re1 e5 13. Nd5 Be6 14. Ne3 Qd7 15. d3 Nd4 16. Nxd4 cxd4 17. Nf1 b5 18.
cxb5 Qxb5 19. Bxd4 Rfd8 20. Be3 Qa5 21. Qd2 Qxd2 22.
Nxd2 Rac8 23. Rec1 f5 24. Rab1 Rc7 25. Nb3 Rdc8 26.
c4 e4 27. dxe4 Rxc4 28. exf5 Bxf5 29. Rxc4 Rxc4 30. Rd1 Rc2 31. a4 a6 32. Nc5 Rc4 33.
h3 Bf8 34. Rd8 Kf7 35. Nxa6 Rxa4 36. Nc5 Ra1+ 37. Kh2 Be7 38. Rd2 Bxc5 39. Bxc5 Rc1 40. Be3 Rc2 41. Rd4 h5 42. g4 hxg4 43. hxg4 Be6 44.
Kg3 Rc4 45. Rf4+ Rxf4 46. Kxf4 Kf6 47. Bd4+ Kf7 48. Kg5 Bd5 49. f4 Be4 50. Be5 Bd3 51.
Kh6 Bc2 52. Kg5 Bb1 53. Bc3 Bc2 54. Kh4 Bb1 55. Kg3 Bc2 56. Kf3 Bb1 57. Ke3 Bc2 58. Kd2 Bb1 59. Be5 Be4 60. Ke3 Bb1 61. Kd4 Bc2 62. Kc3 Bb1 63. Kd4 Bc2 64. Kc5 Bb1 65.
Kd6 Bc2 66. Bc3 Bb1 67. Ke5 Bc2 68. Bd4 Bd1 69. f5 Bxg4 70. fxg6+ Kxg6 1/2-1/2

[Event "Late-Titled-Tuesday-Blitz-May-28-2024"]
[Site "Chess.com"]
[Date "2024.05.28"]
[Round "7"]
[White "wild3000"]
[Black "ValeriyGrinev"]
[Result "0-1"]
[WhiteElo "2381"]
[BlackElo "2581"]
[TimeControl "180+1"]
[EndTime "15:17:30 PDT"]
[Termination "ValeriyGrinev won by checkmate"]

1. d4 c5 2. dxc5 e5 3. e4 Bxc5 4. Nf3 Nc6 5. Be2 d6 6. O-O h6 7. Nc3 a6 8. Be3 Bxe3 9. fxe3 Nf6 10. Bc4 Qb6 11. Qd3 O-O 12. Bb3 Be6 13. Nh4 Rad8 14. Rxf6 gxf6 15. Rf1 Kg7 16. Rf3 Ne7 17. Rg3+ Kh7 18.
Qf1 Rg8 19. Qxf6 Rxg3 20. hxg3 Qxe3+ 21. Kh2 Qg5 22. Qf2 Rg8 23. Bxe6 fxe6 24. a4 Rg7 25. a5 Ng6 26. Nf3 Qh5+ 27. Kg1 Qg4 28. Kh2 Ne7 29. Qe1 Nc6 30. Ng1 Nd4 31. Nh3 Nxc2 32. Qf2 Nd4 33. b4 h5 34. Ng1 Kg8 35.
Nh3 Rf7 36. Qe3 h4 37. gxh4 Qxh4 38. Ne2 Nxe2 39. Qxe2 Rg7 40. Qd2 Qxe4 41. Qxd6 Qxg2# 0-1

[Event "Late-Titled-Tuesday-Blitz-May-28-2024"]
[Site "Chess.com"]
[Date "2024.05.28"]
[Round "7"]
[White "TheAlienParty"]
[Black "Bala-Afiada"]
[Result "1-0"]
[WhiteElo "2381"]
[BlackElo "2027"]
[TimeControl "180+1"]
[EndTime "15:17:30 PDT"]
[Termination "TheAlienParty won on time"]

1. c4 c5 2. Nf3 Nc6 3. d4 cxd4 4.
Nxd4 e5 5. Nc2 Nf6 6. Nc3 Be7 7.
Bg5 O-O 8. g3 b6 9. Bg2 Bb7 10.
O-O Na5 11. b3 Bxg2 12. Kxg2 h6 13. Bxf6 Bxf6 14. Ne4 Nb7 15. Ne3 Qe7 16. Nd5 Qd8 17. Nexf6+ gxf6 18. e3 f5 19. h4 Nc5 20. b4 Ne4 21.
Qh5 Nf6 22. Qxf5 Nxd5 23. cxd5 Qe7 24. a3 Rac8 25. Rac1 a5 26. bxa5 bxa5 27. a4 Kg7 28.
Kh3 f6 29. h5 Qf7 30. d6 Rfd8 31. g4 Rc6 32. Rxc6 dxc6 33. Rd1 Rd7 34. Qc2 Qe6 35. Qxc6 f5 36. Qg2 f4 37. exf4 exf4 38. Qd5 Qf6 39. Qd4 f3 40. Kg3 1-0

[Event "Late-Titled-Tuesday-Blitz-May-28-2024"]
[Site "Chess.com"]
[Date "2024.05.28"]
[Round "7"]
[White "TokChess"]
[Black "MrEscacs"]
[Result "1-0"]
[WhiteElo "2494"]
[BlackElo "2185"]
[TimeControl "180+1"]
[EndTime "15:17:30 PDT"]
[Termination "TokChess won on time"]

1. e4 Nf6 2. e5 Nd5 3. d4 d6 4. Nf3 Bg4 5. exd6 cxd6 6. Be2 e6 7. O-O Be7 8. c3 O-O 9. Nbd2 Nc6 10. a4 a5 11. Nc4 Nb6 12. Ne3 Bxf3 13. Bxf3 d5 14. Re1 Bg5 15. Qc2 Ne7 16. Qb3 Rc8 17. g3 Bxe3 18. Bxe3 Qc7 19. Bf4 Qc6 20. h4 Nc4 21. h5 h6 22. Kh2 Nf5 23. Bg4 Nfd6 24. Re2 b5 25. axb5 Qxb5 26. Qc2 Ra8 27. Bh3 a4 28. g4 Ne4 29. Bg2 Nf6 30. Bf3 Rfc8 31.
g5 hxg5 32. Bxg5 Qb3 33. Qc1 a3 34. bxa3 Rxa3 35. h6 Qxc3 36. Rxa3 Nxa3 37. Qf4 Nc4 38. hxg7 Ne8 39. Bh5 Nxg7 40. Bxf7+ Kh7 41. Qh4+ 1-0

[Event "Late-Titled-Tuesday-Blitz-May-28-2024"]
[Site "Chess.com"]
[Date "2024.05.28"]
[Round "7"]
[White "DanylaBagrov"]
[Black "Alphafischer2019"]
[Result "0-1"]
[WhiteElo "2480"]
[BlackElo "2655"]
[TimeControl "180+1"]
[EndTime "15:17:31 PDT"]
[Termination "Alphafischer2019 won on time"]

1. e4 c5 2. Nf3 Nc6 3. Bb5 Nf6 4. Bxc6 dxc6 5. d3 g6 6. O-O Bg7 7. Nbd2 O-O 8. Nc4 Qc7 9. Bg5 b6 10. a4 h6 11. Bh4 a5 12. Bg3 Qd8 13. Nfe5 Bb7 14. c3 Nh5 15. Qb3 Ba6 16. Nxc6 Qxd3 17. Nxb6 Qxe4 18. Nxa8 Qxc6 19. Nb6 Nxg3 20. hxg3 c4 21.
Qa3 Qxb6 22. Rfd1 Bf6 23. Rd5 h5 24. Rad1 Kg7 25. R1d2 Rh8 26. Qc5 Qe6 27. Qe3 Qxe3 28. fxe3 Bb7 29. Rxa5 Be4 30. Rc5 Bd3 31. e4 e5 32. a5 Bg5 33. Rxd3 cxd3 34. Rd5 d2 35.
Kf2 Rb8 36. b4 Rc8 37. a6 Rxc3 38. b5 Rb3 39. Ke2 Be3 40. Rd7 Bb6 41. Rd6 Rxb5 42.
Kxd2 Bd4 43. Ke2 Ra5 44. Rc6 Ra3 0-1

[Event "Late-Titled-Tuesday-Blitz-May-28-2024"]
[Site "Chess.com"]
[Date "2024.05.28"]
[Round "7"]
[White "VD_coach"]
[Black "Thjop"]
[Result "1/2-1/2"]
[WhiteElo "2535"]
[BlackElo "2630"]
[TimeControl "180+1"]
[EndTime "15:17:32 PDT"]
[Termination "Game drawn - insufficient material"]

1. d4 d5 2. c4 c6 3. cxd5 cxd5 4. Nf3 Nf6 5. Nc3 Nc6 6. Ne5 Qb6 7. Nxc6 bxc6 8. e3 e6 9. Bd3 c5 10. Bb5+ Bd7 11.
Bxd7+ Nxd7 12. dxc5 Nxc5 13. O-O Be7 14. Na4 Qb5 15.
Nxc5 Bxc5 16. b3 O-O 17. Bb2 Rfc8 18. Rc1 Bf8 19. Qd4 a5 20. g3 Qb4 21. Rxc8 Rxc8 22. Qxb4 axb4 23. Rc1 Rxc1+ 24. Bxc1 e5 25. Bb2 f6 26. f4 Bd6 27. Kf2 Kf7 28. Kf3 Ke6 29. e4 dxe4+ 30. Kxe4 f5+ 31. Kd3 Kd5 32. fxe5 Bxe5 33.
Bc1 h6 34. a4 bxa3 35. Bxa3 f4 36. gxf4 Bxf4 37. h3 g5 38. Bf8 h5 39. Bh6 Ke5 40.
b4 Kf5 41. b5 Bb8 42. b6 g4 43. hxg4+ Kxg4 44. Ke2 h4 45. Kf2 h3 46. Kg1 Kg3 47. Kh1 Kf3 48. Bg5 Ke4 49. Bd8 Kd5 50. Bc7 Kc6 51. Bxb8 Kxb6 52. Kh2 Kb7 53. Kxh3 1/2-1/2

[Event "Late-Titled-Tuesday-Blitz-May-28-2024"]
[Site "Chess.com"]
[Date "2024.05.28"]
[Round "7"]
[White "nitpicker"]
[Black "djjohnnywoo"]
[Result "1-0"]
[WhiteElo "2309"]
[BlackElo "2127"]
[TimeControl "180+1"]
[EndTime "15:17:32 PDT"]
[Termination "nitpicker won on time"]

1. d4 g6 2. e4 Bg7 3. Nc3 d6 4.
h3 c6 5. a4 Nd7 6. Nge2 e5 7.
Be3 Ngf6 8. g4 Qa5 9. Bg2 O-O 10.
O-O Qb4 11. Ra3 exd4 12. Bxd4 Nc5 13. Na2 Qc4 14. f3 a5 15. Re1 h5 16. Bf1 Qe6 17. Nf4 Qe7 18. e5 dxe5 19. Rxe5 Ne6 20. Bc5 Qxc5+ 21.
Rxc5 Nxc5 22. gxh5 gxh5 23. Nc3 Bf5 24. Qe1 Kh7 25.
Qf2 Ne6 26. Bd3 Bxd3 27. Nxd3 Bh6 28. Ne4 Rg8+ 29. Kh1 Nd5 30. c4 Ne3 31. Nf6+ Kh8 32. Nxg8 Rxg8 33. Ne5 Nf5 34. Nxf7+ Kh7 35. Nxh6 Kxh6 36.
Qc2 Kh7 37. Qxf5+ 1-0

[Event "Late-Titled-Tuesday-Blitz-May-28-2024"]
[Site "Chess.com"]
[Date "2024.05.28"]
[Round "7"]
[White "Karttunen"]
[Black "Kirill_Klukin"]
[Result "1-0"]
[WhiteElo "2679"]
[BlackElo "2874"]
[TimeControl "180+1"]
[EndTime "15:17:33 PDT"]
[Termination "Karttunen won by checkmate"]

1. d4 Nf6 2. Bf4 d5 3. e3 c5 4. c3 Nc6 5. Bd3 Qb6 6. Qc1 Bd7 7. Nd2 Nh5 8. Bg5 h6 9. Bh4 g5 10. Be2 gxh4 11. Bxh5 e5 12. Ngf3 h3 13. g3 cxd4 14.
exd4 e4 15. Ng1 Rc8 16. Qb1 Nxd4 17. cxd4 Bb4 18. Ne2 Qa5 19. Qd1 Ba4 20. b3 Bb5 21. a3 Bc3 22. b4 Qb6 23. Nxc3 Rxc3 24. Be2 e3 25. Nf3 O-O 26. O-O exf2+ 27. Rxf2 Re8 28. Bxb5 Qxb5 29. Qd2 Rce3 30. Raf1 Re2 31. Qxh6 Qd3 32. Qg5+ Kf8 33. Ne5 Qxd4 34. Qh6+ Kg8 35. Qg5+ Kf8 36.
Nd7# 1-0

[Event "Late-Titled-Tuesday-Blitz-May-28-2024"]
[Site "Chess.com"]
[Date "2024.05.28"]
[Round "7"]
[White "Qvalda"]
[Black "olawsson"]
[Result "1-0"]
[WhiteElo "2404"]
[BlackElo "2158"]
[TimeControl "180+1"]
[EndTime "15:17:33 PDT"]
[Termination "Qvalda won by checkmate"]

1. d4 d6 2. e4 Nc6 3. d5 Nb8 4. Nf3 c6 5. c4 Nf6 6. Nc3 g6 7.
Bd3 Bg7 8. O-O Nbd7 9. Re1 Nc5 10. Bc2 a5 11. dxc6 bxc6 12. e5 dxe5 13. Qxd8+ Kxd8 14. Nxe5 Be6 15. Nxc6+ Kc7 16. Nxe7 Bxc4 17. Bf4+ Kb7 18.
Na4 Ne6 19. Be5 Rhe8 20. Bxf6 Bxf6 21. Be4+ Kc7 22. Nd5+ Bxd5 23. Bxd5 Rad8 24. Rac1+ Kb8 25. Bxe6 Rxe6 26. Rxe6 fxe6 27. Kf1 Rd2 28. Ke1 Rd4 29.
b3 Kb7 30. Rc4 Rd6 31. Rc5 Bd8 32. Ke2 Ka6 33. f3 h5 34. Rc8 Bg5 35. Nc5+ Kb5 36. Nd3 Bf6 37. Rc5+ Kb6 38. Rc4 h4 39. Rg4 g5 40.
Re4 Kb5 41. Rc4 Kb6 42. Nf2 Rd5 43. h3 Be5 44. Nd3 Bg3 45. Re4 e5 46. Rc4 Kb5 47. Rc8 Kb6 48. Re8 Bh2 49. Rg8 Bf4 50. Rg6+ Kb5 51.
a4# 1-0

[Event "Late-Titled-Tuesday-Blitz-May-28-2024"]
[Site "Chess.com"]
[Date "2024.05.28"]
[Round "7"]
[White "JanMur7"]
[Black "dealshark"]
[Result "1-0"]
[WhiteElo "2308"]
[BlackElo "2422"]
[TimeControl "180+1"]
[EndTime "15:17:35 PDT"]
[Termination "JanMur7 won by resignation"]

1. c4 e6 2. Nc3 d5 3. d4 c5 4. Nf3 Nc6 5. cxd5 exd5 6. e3 Nf6 7. Be2 Be7 8. O-O O-O 9. dxc5 Bxc5 10. Na4 Be7 11. b3 Bg4 12. Bb2 Ne4 13. Nc3 Bf6 14.
Rc1 Re8 15. h3 Bh5 16. Qc2 Nb4 17. Qb1 Bg6 18. Qa1 Qa5 19. a3 Nc6 20. Rfd1 Nxc3 21. Bxc3 Bxc3 22. Rxc3 Rad8 23. b4 Qb6 24. Nd4 Ne5 25.
Rc5 h6 26. Nf3 Nxf3+ 27. Bxf3 Be4 28. Bxe4 dxe4 29. Rd4 Rxd4 30. Qxd4 a6 31. g3 Qe6 32. Rc4 Qxh3 33. Qd5 Qe6 34. Qxe6 Rxe6 35. Rc8+ Kh7 36. Rc7 Rf6 37. Rxb7 h5 38. a4 Kg6 39. a5 Kf5 40. Rb6 Ke5 41. Rxf6 gxf6 42. b5 axb5 43. a6 b4 44. a7 b3 45. a8=Q 1-0

[Event "Late-Titled-Tuesday-Blitz-May-28-2024"]
[Site "Chess.com"]
[Date "2024.05.28"]
[Round "7"]
[White "Magicmaster17"]
[Black "hansen"]
[Result "0-1"]
[WhiteElo "2881"]
[BlackElo "3059"]
[TimeControl "180+1"]
[EndTime "15:17:37 PDT"]
[Termination "hansen won on time"]

1. d4 Nf6 2. Nf3 e6 3. c4 Bb4+ 4. Nbd2 O-O 5. a3 Be7 6. e4 d6 7. Qc2 Nc6 8. Be2 Nd7 9. b4 Bf6 10. Bb2 e5 11. d5 Ne7 12. h4 b6 13. g4 Ng6 14. g5 Be7 15. Nf1 Nf4 16. Ng3 f6 17.
Nf5 fxg5 18. Nxe7+ Qxe7 19. hxg5 Rf7 20. O-O-O Nxe2+ 21.
Qxe2 Nf8 22. Rdg1 Rf4 23. Nh4 a5 24. f3 axb4 25. axb4 b5 26. cxb5 Bd7 27. Qc4 Qe8 28. Kd2 Qb8 29. Rc1 Qb6 30. Kd1 Rxh4 31. Rxh4 Qg1+ 32.
Ke2 Qg2+ 33. Ke1 Qxb2 34. Qc3 Qg2 35. Qd2 Qg1+ 36. Ke2 Bxb5+ 0-1

[Event "Late-Titled-Tuesday-Blitz-May-28-2024"]
[Site "Chess.com"]
[Date "2024.05.28"]
[Round "7"]
[White "AradNazari"]
[Black "brunoo2003"]
[Result "0-1"]
[WhiteElo "2779"]
[BlackElo "2596"]
[TimeControl "180+1"]
[EndTime "15:17:37 PDT"]
[Termination "brunoo2003 won by resignation"]

1. e4 e5 2. f4 Nc6 3. Nf3 Bc5 4. c3 d6 5. d4 Bb6 6. Bb5 exd4 7. cxd4 Bd7 8. O-O a6 9. Ba4 Nge7 10. Nc3 O-O 11. Kh1 d5 12. e5 Bg4 13. Be3 Nf5 14. Bxc6 Nxe3 15. Qd3 Nxf1 16. Bxb7 Rb8 17. Bxd5 Bxf3 18. gxf3 Nxh2 19. Kxh2 Qh4+ 20. Kg2 Qxf4 21. Rh1 g6 22. Ne2 Qg5+ 23. Kf2 Qxe5 24. Bb3 Qf6 25. Rg1 Rfd8 26. Rg4 Rd6 27. Kg2 Rbd8 28. d5 Qxb2 29. Kh3 Re8 30.
Rg2 Qf6 31. Ng3 Re3 32. Qxa6 Rxf3 33. Qc8+ Kg7 34. Qg4 Kf8 35. Kh2 Qf4 36. Qc8+ Kg7 37. Qh3 Bf2 38. Kh1 Rxg3 0-1

[Event "Late-Titled-Tuesday-Blitz-May-28-2024"]
[Site "Chess.com"]
[Date "2024.05.28"]
[Round "7"]
[White "ChadBiryani"]
[Black "Pig-filth"]
[Result "1-0"]
[WhiteElo "2546"]
[BlackElo "2371"]
[TimeControl "180+1"]
[EndTime "15:17:38 PDT"]
[Termination "ChadBiryani won on time"]

1. c4 Nf6 2. g3 e5 3. Bg2 Nc6 4. a3 a5 5. Nc3 Bc5 6. Nf3 O-O 7.
O-O d6 8. e3 Bg4 9. h3 Bd7 10.
d4 Ba7 11. b3 Re8 12. Bb2 Bf5 13. dxe5 dxe5 14. Nb5 Bb6 15. Qc1 Qc8 16. Kh2 h6 17.
Rd1 Be4 18. c5 Ba7 19. Qc4 Bb8 20. Rd2 Qf5 21. Nh4 Qh7 22. Bxe4 Qxe4 23. Qxe4 Nxe4 24. Rd7 Nxc5 25. Rd5 Nxb3 26. Rad1 b6 27. Nf5 Nc5 28. f3 Ne6 29. Kg2 Ne7 30. Nxe7+ Rxe7 31. e4 c6 32.
Rd8+ Nxd8 33. Rxd8+ Kh7 34. Nd6 Bxd6 35. Rxa8 Bc5 36.
Rc8 f6 37. Rxc6 Rd7 38. Bc3 Rd3 39. Bxa5 Rxa3 40. Bxb6 Bxb6 41. Rxb6 Ra2+ 42. Kg1 Kg6 43. Rb7 Rc2 44. h4 h5 45. Kf1 Ra2 46. Rc7 Rc2 47. Rxc2 1-0

[Event "Late-Titled-Tuesday-Blitz-May-28-2024"]
[Site "Chess.com"]
[Date "2024.05.28"]
[Round "7"]
[White "GMBenjaminFinegold"]
[Black "Valiyev_Shahin"]
[Result "0-1"]
[WhiteElo "2738"]
[BlackElo "2562"]
[TimeControl "180+1"]
[EndTime "15:17:40 PDT"]
[Termination "Valiyev_Shahin won on time"]

1. d4 d5 2. c4 e6 3. Nc3 Be7 4.
Nf3 Nf6 5. Bg5 h6 6. Bxf6 Bxf6 7. e3 O-O 8. Qd2 b6 9. O-O-O Ba6 10. cxd5 exd5 11.
h4 g6 12. g4 Bg7 13. g5 h5 14. Bg2 Nc6 15. Kb1 b5 16. Ne5 Nxe5 17. dxe5 c6 18. f4 b4 19. Na4 Qa5 20. b3 Bc8 21. e4 Be6 22. Rhf1 Rad8 23. Qc2 d4 24. f5 d3 25. Qc5 Qa6 26. fxe6 fxe6 27. Qe7 d2 28. Qxe6+ Kh7 29. Qc4 Rxf1 30. Bxf1 Qa5 31. Qc5 Qc7 32. Kc2 Qd7 33. Qc4 Bxe5 34. Nc5 Qg4 35. Bd3 Qxh4 36. Qf7+ Bg7 37. Ne6 Rg8 38. e5 Qxg5 39. Rh1 Kh6 0-1

[Event "Late-Titled-Tuesday-Blitz-May-28-2024"]
[Site "Chess.com"]
[Date "2024.05.28"]
[Round "7"]
[White "yobdc"]
[Black "lamomiajunior"]
[Result "0-1"]
[WhiteElo "2543"]
[BlackElo "2743"]
[TimeControl "180+1"]
[EndTime "15:17:43 PDT"]
[Termination "lamomiajunior won on time"]

1. e4 c5 2. Nf3 d6 3. d4 cxd4 4. Nxd4 Nf6 5. Bc4 e6 6. Bd3 Nc6 7. Nxc6 bxc6 8. O-O Be7 9. b3 O-O 10. Bb2 a5 11. a4 d5 12. Nd2 Ba6 13. Qe2 Bxd3 14. Qxd3 Bb4 15. exd5 cxd5 16. Nf3 Rc8 17. Rad1 Ne4 18. c4 Nc5 19. Qd4 f6 20. cxd5 Qxd5 21.
Qxd5 exd5 22. Nd4 Rfe8 23. g3 Re4 24. Nb5 Nxb3 25. Rxd5 h6 26. Bd4 Rc2 27. Rd8+ Kh7 28. Rd7 Nxd4 29. Rxd4 Rxd4 30. Nxd4 Ra2 31. Rc1 Rxa4 32.
Ne6 Bd6 33. Rc6 Ra1+ 34. Kg2 Rd1 35. Ra6 Bb4 36. Ra7 Kg6 37. g4 f5 38. gxf5+ Kxf5 39. Nxg7+ Ke5 40. Ra6 Ra1 41. h4 a4 42. h5 a3 43. Rxh6 Bf8 44. Re6+ Kd5 45. Rg6 a2 46. h6 Rg1+ 47. Kxg1 a1=Q+ 48. Kg2 Qb1 49. Rg3 Qh7 50. Rh3 Bd6 51. Rd3+ Qxd3 0-1

[Event "Late-Titled-Tuesday-Blitz-May-28-2024"]
[Site "Chess.com"]
[Date "2024.05.28"]
[Round "7"]
[White "Romkachess"]
[Black "Hirna2005"]
[Result "1-0"]
[WhiteElo "2571"]
[BlackElo "2349"]
[TimeControl "180+1"]
[EndTime "15:17:44 PDT"]
[Termination "Romkachess won by resignation"]

1. e4 g6 2. d4 Bg7 3. Nc3 d6 4. Be3 a6 5. f3 b5 6. Qd2 Bb7 7. h4 h6 8. Nh3 Nd7 9. O-O-O Ngf6 10. g4 Nb6 11. h5 g5 12. b3 Nfd7 13. Ne2 Rc8 14.
Ng3 e6 15. f4 gxf4 16. Bxf4 Qe7 17. g5 hxg5 18. Bxg5 Bf6 19. h6 Bxg5 20. Nxg5 Nf6 21.
Bd3 Ng4 22. Qf4 Nf2 23. Qxf2 Qxg5+ 24. Kb1 Rxh6 25. Rxh6 Qxh6 26. Rh1 Qf8 27. Nh5 f5 28. Rg1 fxe4 29. Rg8 Qxg8 30. Nf6+ Ke7 31. Nxg8+ Rxg8 32. Bxe4 Bxe4 33. Qh4+ Kf7 34. Qxe4 Nd5 35. Qh7+ Rg7 36. Qh5+ Rg6 37. c4 Nf6 38. Qf3 bxc4 39. bxc4 Ke7 40. Qc6 Kd8 41. Qa8+ Ke7 42. Qxa6 Nd7 43. Qc6 Kd8 44.
a4 Rg3 45. a5 Ra3 46. a6 Nb6 47. c5 dxc5 48. dxc5 Rc3 49. a7 Nc4 50. a8=Q+ Ke7 51.
Qae8+ Kf6 52. Qcxe6+ 1-0

[Event "Late-Titled-Tuesday-Blitz-May-28-2024"]
[Site "Chess.com"]
[Date "2024.05.28"]
[Round "7"]
[White "PNEPaul"]
[Black "Quaide7"]
[Result "1/2-1/2"]
[WhiteElo "1918"]
[BlackElo "2162"]
[TimeControl "180+1"]
[EndTime "15:17:44 PDT"]
[Termination "Game drawn by repetition"]

1. e4 e6 2. d4 d5 3. e5 c5 4.
Qg4 h5 5. Qg3 Nc6 6. Nf3 h4 7.
Qg4 cxd4 8. Bd3 Bb4+ 9. c3 dxc3 10. bxc3 Bf8 11. O-O Nge7 12. Na3 h3 13. g3 Bd7 14. Nb5 Nf5 15. Bxf5 exf5 16. Qf4 Be6 17. Nd6+ Bxd6 18. exd6 Qb6 19. Be3 Qa5 20. Nd4 O-O-O 21. Nxc6 bxc6 22.
Rab1 Rd7 23. Bd4 f6 24. Rfe1 Re8 25. Qd2 Rb7 26. Rxb7 Kxb7 27. Qf4 Ka8 28. Rb1 Qxa2 29. Qc1 Rb8 30. Ra1 Qxa1 31. Qxa1 Rb7 32. Qc1 g5 33. Kf1 f4 34. Ke1 Bf5 35. Bc5 Kb8 36. Kd2 Kc8 37. Qa3 Kd7 38. Qa4 Rb2+ 39. Kc1 Rb1+ 40.
Kd2 Rb2+ 41. Kc1 Rb1+ 42. Kd2 Rb2+ 1/2-1/2

[Event "Late-Titled-Tuesday-Blitz-May-28-2024"]
[Site "Chess.com"]
[Date "2024.05.28"]
[Round "7"]
[White "MKlose11"]
[Black "bubeliang"]
[Result "1-0"]
[WhiteElo "2623"]
[BlackElo "2787"]
[TimeControl "180+1"]
[EndTime "15:17:48 PDT"]
[Termination "MKlose11 won by resignation"]

1. e4 c6 2. Nc3 d5 3. g3 g6 4.
Bg2 dxe4 5. Nxe4 Nf6 6. Nxf6+ exf6 7. d4 Bg7 8. Ne2 O-O 9. O-O f5 10. Be3 Nd7 11. Qd2 a5 12. Bh6 a4 13. Bxg7 Kxg7 14.
c3 Nf6 15. Rfe1 Be6 16. Nf4 Bd5 17. Nxd5 Nxd5 18. Re5 Nf6 19. Rae1 Re8 20. Qf4 Rxe5 21. dxe5 Nd5 22. Qd4 Nc7 23. Rd1 Ne6 24. Qxd8 Rxd8 25.
Rxd8 Nxd8 26. f4 f6 27. exf6+ Kxf6 28. Kf2 Ke7 29. Ke3 Kd6 30. Bf1 b5 31. a3 Ne6 32. h4 Kc5 33. Bd3 h5 34. Bb1 Nc7 35. Ba2 Nd5+ 36. Kd3 Kd6 37. c4 Ne7 38. cxb5 cxb5 39.
Bf7 Kc5 40. Kc3 Nd5+ 41. Kd3 Ne7 42. Be8 b4 43. Bxa4 bxa3 44. bxa3 Kd5 45. Be8 Kc5 46. a4 Kd5 47. a5 Kc5 48. a6 Kb6 49. Kd4 Kxa6 50. Ke5 Kb6 51. Kf6 Nd5+ 52. Kxg6 Kc7 53. Kxf5 Ne3+ 54. Ke4 Ng4 55. Kf5 Ne3+ 56. Kg5 Nf1 57.
Bxh5 Nxg3 58. Bg6 Kd6 59. Kf6 Ne2 60. f5 Nf4 61. h5 Nd5+ 62. Kf7 Ne7 63. h6 Nc6 1-0

[Event "Late-Titled-Tuesday-Blitz-May-28-2024"]
[Site "Chess.com"]
[Date "2024.05.28"]
[Round "7"]
[White "cassoulet"]
[Black "WPWPWP-2015"]
[Result "1-0"]
[WhiteElo "2717"]
[BlackElo "2514"]
[TimeControl "180+1"]
[EndTime "15:17:49 PDT"]
[Termination "cassoulet won by resignation"]

1. d4 Nf6 2. Bg5 Ne4 3. h4 d5 4. Nd2 Bf5 5. Ngf3 Nd7 6. e3 c6 7.
c3 Qb6 8. Qb3 Nxd2 9. Nxd2 Qxb3 10. axb3 f6 11. Bf4 e5 12. Bg3 Bd6 13. Be2 Ke7 14.
h5 g5 15. hxg6 hxg6 16. Rxh8 Rxh8 17. Rxa7 b5 18. b4 Rh1+ 19. Nf1 Rg1 20. Ra8 Rxg2 21.
Rh8 e4 22. Rh7+ Ke6 23. Rh1 Nb6 24. Bxd6 Kxd6 25. Ng3 Na4 26. Bf1 Rxg3 27. fxg3 Nxb2 28. Kd2 Nc4+ 29. Bxc4 dxc4 30. Rh6 Ke6 31. Rh4 g5 32.
Rh8 Bg4 33. Re8+ Kd5 34. Ke1 Bf3 35. Kf2 Kd6 36. Kg1 g4 37. Kf2 Kd5 38. Rh8 Ke6 39. Rh5 Kd6 40. Rc5 Bd1 41. d5 cxd5 42. Rxb5 Kc6 43.
Rc5+ Kd6 44. Rc8 Ba4 45. Rg8 Bd7 46. Rf8 Ke7 47. Ra8 Kd6 48. Ra6+ Ke7 49. Ke2 f5 50. Kd2 Kd8 51. Rd6 Kc7 52. Rxd5 Be6 53. Re5 Kd6 54. Rc5 Bd7 55. Rxc4 Be6 56. Rc5 Bd7 57. c4 Be6 58.
Kc3 Bd7 59. Kd4 Be6 60. Ra5 f4 61. Ra6+ Ke7 62. exf4 e3 63. Ra3 e2 64. Re3 e1=Q 65.
Rxe1 1-0

[Event "Late-Titled-Tuesday-Blitz-May-28-2024"]
[Site "Chess.com"]
[Date "2024.05.28"]
[Round "7"]
[White "RichardShtivelband"]
[Black "DonJuanEGenaro"]
[Result "1-0"]
[WhiteElo "2387"]
[BlackElo "2046"]
[TimeControl "180+1"]
[EndTime "15:17:49 PDT"]
[Termination "RichardShtivelband won on time"]

1. e4 c5 2. Nf3 Nc6 3. d4 cxd4 4. Nxd4 Nf6 5. Nc3 d6 6. f4 Qb6 7. Nb3 e6 8. Bd3 d5 9. e5 Ne4 10. Bxe4 dxe4 11. Nxe4 Qb4+ 12. Nc3 Be7 13. Qe2 O-O 14.
a3 Qb6 15. Be3 Qc7 16. O-O b6 17. Rad1 a6 18. Ne4 Rd8 19. Rxd8+ Nxd8 20. Rd1 Nb7 21. Qd3 Nc5 22. Nbxc5 bxc5 23. Qc4 Bb7 24. Nd6 Bd5 25. Qxc5 Qd7 26. c4 Bc6 27. b4 Rb8 28. Rd2 Qc7 29. Qa7 Qxa7 30. Bxa7 Ra8 31. Bc5 f6 32.
exf6 gxf6 33. Kf2 Kg7 34. Nf5+ exf5 35. Bxe7 Re8 36. Bd6 Re4 37. c5 Bb5 38. g3 Rc4 39. Bc7 Rc3 40. Ba5 1-0